 Dungeon Crawl Stone Soup version 0.29-a0-541-gaf1fc19f1b (webtiles) character file.

Game seed: 18355030433813513593

33199 MechDurjaeses the Archer (level 13, -5/101 HPs)
             Began as a Gnoll Wanderer on June 2, 2022.
             Was the Champion of Okawaru.
             Slain by a minotaur
             ... wielding a +6 great sword of freezing
              (37 damage)
             ... in a Gauntlet.
             The game lasted 01:39:37 (19911 turns).

MechDurjaeses the Archer (Gnoll Wanderer)          Turns: 19911, Time: 01:39:38

Health: -5/101     AC: 21    Str: 11    XL:     13   Next: 69%
Magic:  25/25      EV:  7    Int: 21    God:    Okawaru [******]
Gold:   1005       SH: 12    Dex: 20    Spells: 12/29 levels left

rFire   + + .      SeeInvis +   S - +9 staff of Olgreb {rPois∞}
rCold   . . .      Faith    .   J - +0 kite shield
rNeg    . . .      Spirit   .   w - +3 chain mail "Foxo Foz" {+Blink rF+ SInv}
rPois   ∞          Reflect  .   t - +1 hat
rElec   .          Harm     .   v - +2 cloak
rCorr   .          Rampage  .   K - +0 pair of gloves {hurl}
Will    .....      NoTele   +   c - +0 pair of boots
Stlth   ++........              C - amulet "Woibiosh" {RegenMP Int+6 Slay+2}
HPRegen 0.26/turn               X - ring of wizardry
MPRegen 0.59/turn               O - +6 ring of intelligence

@: no status effects
A: fangs 1, strong nose, distributed training, horns 1, fire resistance 1,
devolution 1
a: Renounce Religion, Evoke Blink, Evoke the Staff of Olgreb, Heroism, Finesse,
Duel


You were in a Gauntlet.
You worshipped Okawaru.
Okawaru was exalted by your worship.
You visited 3 branches of the dungeon, and saw 15 of its levels.
You also visited: Sewer and Gauntlet.

You collected 1005 gold pieces.

Inventory:

Hand Weapons
 a - a +3 vorpal shortbow
 e - a +0 dagger of holy wrath
 m - a +6 short sword of electrocution
 S - the +9 staff of Olgreb (weapon) {rPois∞}
   (You found it on level 8 of the Dungeon)

   If the wielder is skilled in Evocations, they can envenom those struck by it,
   dealing poison damage which bypasses armour.
   It enhances your poison magic.
   It grants immunity to poison.
   It can be activated via the 'a'bility menu to radiate toxic energy, with
   effectiveness depending on Evocations skill.
Missiles
 f - 40 poisoned darts (quivered)
 B - a curare-tipped dart
 I - 5 silver boomerangs
Armour
 c - a +0 pair of boots (worn)
 k - the +1 ring mail of Unreason {-Tele Will+ rCorr SInv}
   (You found it on level 3 of the Dungeon)

   SInv:      It lets you see invisible.
   -Tele:     It prevents most forms of teleportation.
   rCorr:     It protects you from acid and corrosion.
   Will:      It increases your willpower.
 t - a +1 hat (worn)
 v - a +2 cloak (worn)
 w - the +3 chain mail "Foxo Foz" (worn) {+Blink rF+ SInv}
   (Okawaru gifted it to you on level 2 of the Lair of Beasts)

   rF:        It protects you from fire.
   SInv:      It lets you see invisible.
   +Blink:    It lets you blink.
 J - a +0 kite shield (worn)
 K - a +0 pair of gloves of hurling (worn)
 P - a +2 helmet
 U - a scarf of harm
 W - a +2 robe of willpower
 Z - a +2 scale mail of willpower
Magical Staves
 D - a staff of cold
 Y - a staff of cold
Jewellery
 i - a ring of ice
 q - an amulet of guardian spirit
 r - a ring of flight
 u - an amulet of the acrobat
 y - a ring of see invisible
 C - the amulet "Woibiosh" (around neck) {RegenMP Int+6 Slay+2}
   (You found it in a Gauntlet)

   [amulet of magic regeneration]

   It increases your rate of magic regeneration.
   Int:       It affects your intelligence (+6).
   Slay:      It affects your accuracy & damage with ranged weapons and melee
   (+2).
 E - a ring of magical power
 O - a +6 ring of intelligence (right hand)
 X - a ring of wizardry (left hand)
Wands
 l - a wand of iceblast (8)
 p - a wand of paralysis (19)
 s - a wand of flame (15)
 L - a wand of polymorph (28)
 V - a wand of mindburst (4)
Scrolls
 g - 4 scrolls of fog
 j - 2 scrolls of poison
 n - 2 scrolls of blinking
 o - 7 scrolls of teleportation
 x - a scroll of brand weapon {unknown}
 z - a scroll of magic mapping
 A - 5 scrolls of amnesia
 F - a scroll of enchant weapon
 H - 2 scrolls of acquirement {unknown}
 M - 4 scrolls of silence
Potions
 b - 4 potions of flight
 d - 4 potions of brilliance
 h - a potion of invisibility {unknown}
 G - a potion of mutation
 Q - 2 potions of curing
 R - a potion of berserk rage
 T - 4 potions of heal wounds


   Skills:
 + Level 9.0 Fighting
 + Level 8.5 Short Blades
 + Level 9.0 Long Blades
 + Level 8.5 Axes
 + Level 8.5 Maces & Flails
 + Level 8.5 Polearms
 + Level 8.5 Staves
 + Level 8.5 Slings
 + Level 13.3 Bows
 + Level 8.5 Crossbows
 + Level 9.0 Throwing
 + Level 8.5 Armour
 + Level 8.5 Dodging
 + Level 9.5 Stealth
 + Level 8.5 Shields
 + Level 8.5 Unarmed Combat
 + Level 8.5 Spellcasting
 + Level 7.1 Conjurations
 + Level 7.1 Hexes
 + Level 7.1 Summonings
 + Level 7.1 Necromancy
 + Level 7.1 Translocations
 + Level 7.1 Transmutations
 + Level 7.1 Fire Magic
 + Level 7.1 Ice Magic
 + Level 7.1 Air Magic
 + Level 7.1 Earth Magic
 + Level 7.1 Poison Magic
 + Level 9.3 Invocations
 + Level 8.5 Evocations


You had 12 spell levels left.
You knew the following spells:

 Your Spells              Type           Power      Damage    Failure   Level
a - Blink                 Tloc           76%        N/A       17%         2
b - Sting                 Tmut/Pois      100%       1d8       12%         1
c - Poisonous Vapours     Pois/Air       100%       N/A       17%         2
d - Ensorcelled Hibernat  Hex/Ice        76%        N/A       17%         2
e - Passwall              Tmut/Erth      31%        N/A       17%         2
f - Swiftness             Air            38%        N/A       32%         3
g - Apportation           Tloc           76%        N/A       12%         1
h - Hailstorm             Conj/Ice       38%        3d9       71%         4

Your spell library contained the following spells:

 Spells                   Type           Power      Damage    Failure   Level
 Confusing Touch          Hex            38%        N/A       32%         3
 Ice Form                 Ice/Tmut       38%        N/A       71%         4
 Olgreb's Toxic Radiance  Pois           55%        N/A       71%         4
 Alistair's Intoxication  Tmut/Pois      36%        N/A       95%         5
 Manifold Assault         Tloc           38%        N/A       95%         5
 Yara's Violent Unravell  Hex/Tmut       19%        3d9       95%         5
 Enfeeble                 Hex            19%        N/A       100%        7
 Storm Form               Tmut/Air       19%        N/A       100%        7
 Simulacrum               Ice/Necr       Unusable   N/A       N/A         6

Dungeon Overview and Level Annotations

Branches:
Dungeon (12/15)            Temple (1/1) D:5            Lair (2/6) D:9
  Swamp (0/4) Lair:2          Orc (0/2) D:11          Sewer (visited)
Gauntlet (1/1)
  Snake: Lair:2-4    Spider: Lair:2-4

Altars:
Ashenzari
Cheibriados
Dithmenos
Elyvilon
Fedhas
Gozag
Hepliaklqana
Kikubaaqudgha
Makhleb
Nemelex Xobeh
Okawaru
Qazlal
Ru
Sif Muna
Trog
Uskayaw
Vehumet
Wu Jian
Xom
Yredelemnul
Zin
The Shining One

Annotations:
D:8 1 runed translucent door
Lair:2 1 transporter Gauntlet 8 transporters


Innate Abilities, Weirdness & Mutations

You have very sharp teeth.
Your uncanny sense of smell can sniff out nearby items.
Your experience applies equally to all skills.
You have a pair of small horns on your head.
Your flesh is heat resistant. (rF+)
You have hidden genetic defects.


Message History

You feel that your aim is more steady.
You see here a +6 short sword of electrocution.
You can't carry that many items.
You drop a +3 arbalest of flaming.
m - a +6 short sword of electrocution The ogre changes into a blink frog!
There is a transporter landing site here.
The broodmother changes into a great orb of eyes!
There is a transporter here.
You enter the transporter and appear at another place.
A minotaur comes into view.
It is wielding the +9 heavy crossbow "Sniper" {vorpal, Acc+∞ SInv}.
The minotaur bellows!
The minotaur shoots a bolt.
You block the bolt.
The minotaur unwields the +9 heavy crossbow "Sniper" {vorpal, Acc+∞ SInv}.
The minotaur wields a +6 great sword of freezing.
It glows with a cold blue light!
The minotaur hits you with a +6 great sword of freezing!
The minotaur freezes you. You block the minotaur's attack.
You hit the minotaur.
You envenom the minotaur.
The minotaur is poisoned.
You headbutt the minotaur, but do no damage.
You bite the minotaur, but do no damage.
The minotaur is lightly wounded.
The minotaur hits you with a +6 great sword of freezing!
The minotaur freezes you. You block the minotaur's attack.
You hit the minotaur but do no damage.
You envenom the minotaur!
The minotaur looks even sicker.
You headbutt the minotaur, but do no damage.
You bite the minotaur, but do no damage.
The minotaur is moderately wounded.
The minotaur hits you with a +6 great sword of freezing!
The minotaur freezes you. You block the minotaur's attack.
You barely miss the minotaur.
You headbutt the minotaur, but do no damage.
The minotaur is moderately wounded.
The minotaur hits you with a +6 great sword of freezing!!
The minotaur freezes you! You block the minotaur's attack.
As you read the scroll of fear, it crumbles to dust.
You assume a fearsome visage.
The minotaur easily resists.
The minotaur hits you with a +6 great sword of freezing!!!
You die...

############
...........#
.######.##.#
#.......#.##
#.#####.#..# ##.#
####.# #..# ∆ ..#.#
#.## #H#.#
#.#######@#.#
#.........#.#
#.###########.#
#.............#
#########.#########
#.................
#.♣.♣.©.©.©.©.♣.♣.#
................. #
#####################
### ###


You could see a minotaur (very poisoned).

Vanquished Creatures
  Gastronok (D:8)
  The ghost of Owiud the Bringer of Light, a journeyman HuFi of the Shining One (D:12)
  Erolcha (D:11)
  A boulder beetle (D:12)
  An ogre mage (D:11)
  A catoblepas (Gauntlet)
  Erica (D:11)
  2 centaur warriors
  5 two-headed ogres
  A tengu warrior (D:11)
  A deep elf pyromancer (D:9)
  A worldbinder (Gauntlet)
  A will-o-the-wisp (Lair:2)
  4 cyclopes (D:12)
  3 ugly things
  2 black mambas (Lair:1)
  5 gargoyles
  A hellion (Gauntlet)
  Psyche (D:11)
  2 kobold demonologists (D:9)
  5 komodo dragons
  3 unseen horrors
  2 trolls
  A red devil (Gauntlet)
  A hornet (D:11)
  4 shadows
  Sigmund (D:3)
  14 yaks
  A vampire (D:12)
  5 wraiths
  A wyvern (D:10)
  Eustachio (D:6)
  3 basilisks (Lair:1)
  2 redbacks (D:8)
  6 vampire mosquitoes
  A two-headed ogre zombie (D:11)
  2 steam dragons
  Edmund (D:6)
  13 water moccasins
  2 hell hounds (Gauntlet)
  2 ice beasts
  4 orc warriors
  A black bear (D:8)
  4 ogres
  3 boggarts (Gauntlet)
  4 centaurs
  2 phantoms
  3 kobold brigands
  Blork the orc (D:6)
  9 bullfrogs
  3 gnoll sergeants
  8 scorpions
  A necrophage (D:4)
  11 wights
  A troll zombie (D:11)
  13 killer bees
  3 jellies
  A crimson imp (D:5)
  2 lava snakes (D:7)
  5 hounds
  2 gnoll shamans
  8 orc priests
  Crazy Yiuf (D:4)
  6 iguanas
  Terence (D:3)
  8 hell rats
  Ijyb (D:3)
  12 orc wizards
  6 ogre zombies (D:11)
  23 gnolls
  11 adders
  15 river rats
  2 shadow imps
  3 white imps
  4 worms
  3 dart slugs (D:2)
  47 orcs
  7 bats
  6 endoplasms
  6 giant cockroaches
  13 hobgoblins
  3 jackals
  31 kobolds
  2 quokkas
  9 ball pythons
  5 frilled lizards
  7 goblins
  A goblin skeleton (D:11)
  4 goblin zombies (D:11)
  A hobgoblin skeleton (D:11)
  2 hobgoblin zombies (D:11)
  2 orc skeletons (D:11)
  15 orc zombies (D:11)
  20 rats
473 creatures vanquished.

Vanquished Creatures (collateral kills)
  3 orcs (D:3)
  A jackal (D:2)
4 creatures vanquished.

Vanquished Creatures (others)
  3 foxfires (Lair:2)
  A fungus (Lair:2)
  10 plants
  A withered plant (Gauntlet)
15 creatures vanquished.

Grand Total: 492 creatures vanquished

Notes
Turn   | Place    | Note
-------+----------+-------------------------------------------
     0 | D:1      | Reached skill level 10 in Bows
     0 | D:1      | MechDurjaeses the Gnoll Wanderer began the quest for the
                  | Orb.
     0 | D:1      | MechDurjaeses set off with the following items: a +0 vorpal
                  | shortbow, a +0 falchion, a +0 cloak, a potion of berserk
                  | rage, a +0 leather armour
     0 | D:1      | Reached XP level 1. HP: 17/17 MP: 1/1
   130 | D:1      | Reached XP level 2. HP: 23/23 MP: 2/2
   299 | D:1      | Found a faded altar of an unknown god.
   676 | D:1      | Reached XP level 3. HP: 28/28 MP: 3/3
  1079 | D:2      | Reached skill level 1 in Invocations
  1166 | D:2      | Reached skill level 1 in Short Blades
  1166 | D:2      | Reached skill level 1 in Axes
  1166 | D:2      | Reached skill level 1 in Maces & Flails
  1166 | D:2      | Reached skill level 1 in Polearms
  1166 | D:2      | Reached skill level 1 in Staves
  1166 | D:2      | Reached skill level 1 in Slings
  1166 | D:2      | Reached skill level 1 in Crossbows
  1166 | D:2      | Reached skill level 1 in Armour
  1166 | D:2      | Reached skill level 1 in Dodging
  1166 | D:2      | Reached skill level 1 in Shields
  1166 | D:2      | Reached skill level 1 in Unarmed Combat
  1166 | D:2      | Reached skill level 1 in Spellcasting
  1166 | D:2      | Reached skill level 1 in Evocations
  1186 | D:2      | Reached XP level 4. HP: 34/34 MP: 5/5
  1568 | D:3      | Identified the +1 ring mail of Unreason {-Tele Will+ rCorr
                  | SInv}
  1592 | D:3      | Found an ancient bone altar of Kikubaaqudgha.
  1711 | D:3      | Found a bloodstained altar of Trog.
  1785 | D:3      | Noticed Terence
  1792 | D:3      | Killed Terence
  1793 | D:3      | Reached skill level 1 in Conjurations
  1793 | D:3      | Reached skill level 1 in Hexes
  1793 | D:3      | Reached skill level 1 in Summonings
  1793 | D:3      | Reached skill level 1 in Necromancy
  1793 | D:3      | Reached skill level 1 in Translocations
  1793 | D:3      | Reached skill level 1 in Transmutations
  1793 | D:3      | Reached skill level 1 in Fire Magic
  1793 | D:3      | Reached skill level 1 in Ice Magic
  1793 | D:3      | Reached skill level 1 in Air Magic
  1793 | D:3      | Reached skill level 1 in Earth Magic
  1793 | D:3      | Reached skill level 1 in Poison Magic
  1831 | D:3      | Reached XP level 5. HP: 40/40 MP: 5/7
  1861 | D:3      | Noticed Sigmund
  1867 | D:3      | Killed Sigmund
  1868 | D:3      | Reached XP level 6. HP: 47/47 MP: 8/8
  1914 | D:3      | Noticed Ijyb
  1935 | D:3      | Killed Ijyb
  2184 | D:3      | Found a shimmering blue altar of Sif Muna.
  2705 | D:4      | Found an iron altar of Okawaru.
  2739 | D:4      | Reached XP level 7. HP: 52/52 MP: 7/10
  2757 | D:4      | Became a worshipper of Warmaster Okawaru
  2818 | D:4      | Found a glowing drain.
  2852 | Sewer    | Entered a sewer
  3406 | Sewer    | Reached skill level 5 in Stealth
  3910 | D:4      | Reached * piety under Okawaru
  3949 | D:4      | Found a runed translucent door.
  3950 | D:4      | Noticed Crazy Yiuf
  4110 | D:4      | Killed Crazy Yiuf
  4111 | D:4      | Reached XP level 8. HP: 21/60 MP: 3/12
  4445 | D:5      | Entered Level 5 of the Dungeon
  4960 | D:5      | Found a glowing silver altar of Zin.
  4969 | D:5      | Reached skill level 11 in Bows
  5212 | D:5      | Found a burning altar of Makhleb.
  5258 | D:5      | Found a staircase to the Ecumenical Temple.
  5267 | Temple   | Entered the Ecumenical Temple
  5623 | D:5      | Found a snail-covered altar of Cheibriados.
  5722 | D:6      | Noticed Eustachio
  5735 | D:6      | Killed Eustachio
  5749 | D:6      | Reached XP level 9. HP: 66/66 MP: 14/14
  5899 | D:6      | Reached ** piety under Okawaru
  6434 | D:6      | Noticed Blork the orc
  6441 | D:6      | Reached skill level 5 in Fighting
  6441 | D:6      | Reached skill level 5 in Long Blades
  6441 | D:6      | Reached skill level 5 in Throwing
  6485 | D:6      | Killed Blork the orc
  6889 | D:6      | Found a shimmering altar of Xom.
  6898 | D:6      | Found a shimmering altar of Xom.
  6898 | D:6      | Found a burning altar of Makhleb.
  6898 | D:6      | Noticed Edmund
  6919 | D:6      | HP: 3/68 [poisoned by Edmund]
  6926 | D:6      | Killed Edmund
  7204 | D:6      | Found a basalt altar of Yredelemnul.
  7204 | D:6      | Found a shimmering blue altar of Sif Muna.
  7204 | D:6      | Found a glowing golden altar of the Shining One.
  8051 | D:7      | Reached skill level 5 in Invocations
  8062 | D:7      | Reached *** piety under Okawaru
  8497 | D:7      | Reached XP level 10. HP: 49/74 MP: 17/17
  8740 | D:7      | Found a stormy altar of Qazlal.
  8740 | D:7      | Found a hide-covered altar of Uskayaw.
  8825 | D:7      | Reached skill level 5 in Short Blades
  8825 | D:7      | Reached skill level 5 in Axes
  8825 | D:7      | Reached skill level 5 in Maces & Flails
  8825 | D:7      | Reached skill level 5 in Polearms
  8825 | D:7      | Reached skill level 5 in Staves
  8825 | D:7      | Reached skill level 5 in Slings
  8825 | D:7      | Reached skill level 5 in Crossbows
  8825 | D:7      | Reached skill level 5 in Armour
  8825 | D:7      | Reached skill level 5 in Dodging
  8825 | D:7      | Reached skill level 5 in Shields
  8825 | D:7      | Reached skill level 5 in Unarmed Combat
  8825 | D:7      | Reached skill level 5 in Spellcasting
  8825 | D:7      | Reached skill level 5 in Evocations
  9735 | D:8      | Found a runed translucent gate.
  9736 | D:8      | Found a runed translucent gate.
  9737 | D:8      | Found a runed translucent door.
  9750 | D:8      | Learned a level 2 spell: Blink
  9753 | D:8      | Found the +9 staff of Olgreb {rPois∞}
  9798 | D:8      | Found a runed translucent door.
  9871 | D:8      | Noticed Gastronok
  9890 | D:8      | Killed Gastronok
  9890 | D:8      | Reached **** piety under Okawaru
  9910 | D:8      | Noticed a two-headed ogre
  9916 | D:8      | Killed a two-headed ogre
  9943 | D:8      | Found a runed translucent gate.
 10109 | D:8      | Reached ***** piety under Okawaru
 10180 | D:7      | Reached XP level 11. HP: 26/83 MP: 19/19
 10859 | D:8      | Reached skill level 12 in Bows
 10902 | D:8      | Received a gift from Okawaru
 10983 | D:8      | Reached skill level 5 in Conjurations
 10983 | D:8      | Reached skill level 5 in Hexes
 10983 | D:8      | Reached skill level 5 in Summonings
 10983 | D:8      | Reached skill level 5 in Necromancy
 10983 | D:8      | Reached skill level 5 in Translocations
 10983 | D:8      | Reached skill level 5 in Transmutations
 10983 | D:8      | Reached skill level 5 in Fire Magic
 10983 | D:8      | Reached skill level 5 in Ice Magic
 10983 | D:8      | Reached skill level 5 in Air Magic
 10983 | D:8      | Reached skill level 5 in Earth Magic
 10983 | D:8      | Reached skill level 5 in Poison Magic
 11317 | D:8      | Found an ornate altar of the Wu Jian Council.
 11785 | D:9      | Noticed a two-headed ogre
 11799 | D:9      | Killed a two-headed ogre
 11930 | D:9      | Received a gift from Okawaru
 12220 | D:9      | Noticed a green ugly thing
 12230 | D:9      | Killed a green ugly thing
 12384 | D:9      | Noticed a deep elf pyromancer
 12393 | D:9      | Killed a deep elf pyromancer
 12801 | D:9      | Learned a level 1 spell: Sting
 12804 | D:9      | Learned a level 2 spell: Poisonous Vapours
 12928 | D:9      | Found a staircase to the Lair.
 13284 | D:10     | Entered Level 10 of the Dungeon
 13472 | D:10     | Noticed a two-headed ogre
 13482 | D:10     | Killed a two-headed ogre
 13482 | D:10     | Received a gift from Okawaru
 13483 | D:10     | Reached XP level 12. HP: 73/91 MP: 10/22
 14406 | D:11     | Noticed Psyche
 14414 | D:11     | Killed Psyche
 14508 | D:11     | Noticed Erolcha
 14514 | D:11     | Noticed Erica
 14522 | D:11     | Killed Erolcha
 14522 | D:11     | Reached ****** piety under Okawaru
 14527 | D:11     | Killed Erica
 14569 | D:11     | Received a gift from Okawaru
 14920 | D:11     | Noticed a centaur warrior
 14929 | D:11     | Killed a centaur warrior
 15204 | D:11     | Noticed a two-headed ogre
 15213 | D:11     | Killed a two-headed ogre
 15426 | D:11     | Found a staircase to the Orcish Mines.
 15598 | D:11     | Learned a level 2 spell: Ensorcelled Hibernation
 15601 | D:11     | Learned a level 2 spell: Passwall
 15605 | D:11     | Learned a level 3 spell: Swiftness
 15796 | D:11     | Noticed an ogre mage
 15799 | D:11     | Received a gift from Okawaru
 15818 | D:11     | Killed an ogre mage
 15882 | D:11     | Noticed a tengu warrior
 15894 | D:11     | Killed a tengu warrior
 15894 | D:11     | Received a gift from Okawaru
 15979 | D:11     | Learned a level 1 spell: Apportation
 16303 | D:12     | Noticed a centaur warrior
 16316 | D:12     | Killed a centaur warrior
 16333 | D:12     | Found a large runed translucent door.
 16333 | D:12     | Found a large runed translucent door.
 16334 | D:12     | Noticed Owiud's ghost (journeyman HuFi)
 16364 | D:12     | Killed Owiud's ghost
 16365 | D:12     | Reached XP level 13. HP: 67/98 MP: 21/24
 16582 | D:12     | Reached skill level 13 in Bows
 18078 | Lair:1   | Entered Level 1 of the Lair of Beasts
 18151 | Lair:1   | Learned a level 4 spell: Hailstorm
 18374 | Lair:1   | Gained mutation: You have a pair of small horns on your
                  | head. [potion of mutation]
 18374 | Lair:1   | Gained mutation: You have hidden genetic defects. [potion
                  | of mutation]
 18374 | Lair:1   | Gained mutation: You are agile. (Dex +2) [potion of
                  | mutation]
 18374 | Lair:1   | Gained mutation: Your flesh is heat resistant. (rF+)
                  | [potion of mutation]
 18569 | Lair:2   | Found a transporter.
 18593 | Lair:2   | Identified the +3 chain mail "Foxo Foz" {+Blink rF+ SInv}
                  | (Okawaru gifted it to you on level 2 of the Lair of Beasts)
 18593 | Lair:2   | Received a gift from Okawaru
 18686 | Lair:2   | Found a staircase to the Swamp.
 18703 | Lair:2   | Found a gate leading to a gauntlet.
 18715 | Gauntlet | Entered a Gauntlet
 18715 | Gauntlet | Found a transporter.
 18844 | Gauntlet | Found a transporter.
 18846 | Gauntlet | Found a transporter.
 18857 | Gauntlet | Found a transporter.
 18860 | Gauntlet | Found a transporter.
 18871 | Gauntlet | Found a transporter.
 18887 | Gauntlet | Found a transporter.
 18888 | Gauntlet | Noticed a great orb of eyes
 18898 | Gauntlet | Found a transporter.
 18909 | Gauntlet | Found a transporter.
 18923 | Gauntlet | Found a transporter.
 18936 | Gauntlet | Found a transporter.
 18937 | Gauntlet | Found a transporter.
 18982 | Gauntlet | Found a transporter.
 18982 | Gauntlet | Found a runed translucent door.
 18999 | Gauntlet | Found a transporter.
 19312 | Gauntlet | Identified the amulet "Woibiosh" {RegenMP Int+6 Slay+2}
 19550 | Gauntlet | Noticed a stone giant
 19550 | Gauntlet | an alligator snapping turtle changed into a stone giant
 19555 | Gauntlet | Noticed a bunyip
 19560 | Gauntlet | Noticed a spark wasp
 19561 | Gauntlet | Noticed a great orb of eyes
 19561 | Gauntlet | a spark wasp changed into a great orb of eyes
 19565 | Gauntlet | Noticed a quicksilver ooze
 19565 | Gauntlet | a great orb of eyes changed into a quicksilver ooze
 19570 | Gauntlet | Noticed an ice dragon
 19570 | Gauntlet | an alligator changed into an ice dragon
 19581 | Gauntlet | Noticed an ice dragon
 19582 | Gauntlet | an ice dragon changed into an anaconda
 19755 | Gauntlet | Noticed a fire dragon
 19755 | Gauntlet | a slime creature changed into a fire dragon
 19756 | Gauntlet | Noticed an eleionoma
 19756 | Gauntlet | a death yak changed into an eleionoma
 19791 | Gauntlet | Lost mutation: You are agile. (Dex +2) [hidden defects]
 19800 | Gauntlet | Noticed a broodmother
 19811 | Gauntlet | Noticed a great orb of eyes
 19811 | Gauntlet | a broodmother changed into a great orb of eyes
 19905 | Gauntlet | Noticed a minotaur
 19911 | Gauntlet | Slain by a minotaur

Illustrated notes

Levels and vault maps discovered:
D:1:      elethiomel_arrival_shortcut, layout_basic,
          shapermc_ecumenical_altar_totnotflames
D:2:      layout_basic, minmay_quantized
D:3:      layout_loops_corners, mainiacjoe_overflow_tiny_flanked,
          mainiacjoe_overflow_surrounded_room, mainiacjoe_overflow_alcove_2,
          roderic_roman_lattice, uniq_sigmund, uniq_ijyb, uniq_terence
D:4:      layout_rooms, okawaru_metal_pillars_1_2, portal_sewer_entry_a,
          minmay_misc_feat_more_columns, minmay_box_of_dots,
          uniq_crazy_yiuf_cottage
D:5:      layout_cave_pools, chei_slow_surprise, zin_statuary,
          makhleb_grotto_becter, minmay_temple_entry_drinking_statues
D:6:      layout_layer_cave, doesnt_xom_only_xom, uniq_edmund, uniq_eustachio,
          uniq_blork_the_orc
D:7:      minmay_spotlight, layout_layer_cave, mainiacjoe_overflow_divided_tiny,
          kennysheep_cluttered_room
D:8:      layout_basic, general_overflow_altar,
          minmay_guarded_unrand_staff_of_olgreb, uniq_gastronok
D:9:      layout_stronghold, david_lair_shrubbed,
          minmay_fractal_squares_gapless_5
D:10:     layout_basic
D:11:     layout_loops_ring, zombieorc2_lemuel, minmay_bent, uniq_psyche,
          uniq_erolcha, uniq_erica
D:12:     layout_gridville, ebering_ghost_disaster_area,
          hangedman_decor_diamond_cutter, minmay_circle_x
Temple:   minmay_temple_curvy_loop
Lair:1:   layout_cave_shapes, kennysheep_rathole
Lair:2:   gammafunk_cloud_chamber, layout_small_grid, minmay_swamp_entry_wisps,
          gauntlet_entry_generic, beast_lair_carwin_5, grunt_megastairs_5
Gauntlet: minmay_gauntlet_77_tree [minmay_gauntlet_arena_77_mirror,
          minmay_gauntlet_arena_77_path, minmay_gauntlet_arena_77_two_paths,
          minmay_gauntlet_arena_77_broken_ladder,
          minmay_gauntlet_arena_77_squiggly,
          minmay_gauntlet_arena_77_block_sizes,
          minmay_gauntlet_arena_77_terracotta_army,
          dreamdust_gauntlet_exit_labyrinth]

Skill      XL: |  1  2  3  4  5  6  7  8  9 10 11 12 13 |
---------------+----------------------------------------+-----
Bows           | 11 12 13 | 13.3
Invocations    | 1 2 3 4 5 6 7 8 9 |  9.3
Short Blades   | 1 2 3 4 5 6 7 8 |  8.5
Axes           | 1 2 3 4 5 6 7 8 |  8.5
Maces & Flails | 1 2 3 4 5 6 7 8 |  8.5
Polearms       | 1 2 3 4 5 6 7 8 |  8.5
Staves         | 1 2 3 4 5 6 7 8 |  8.5
Slings         | 1 2 3 4 5 6 7 8 |  8.5
Crossbows      | 1 2 3 4 5 6 7 8 |  8.5
Armour         | 1 2 3 4 5 6 7 8 |  8.5
Dodging        | 1 2 3 4 5 6 7 8 |  8.5
Shields        | 1 2 3 4 5 6 7 8 |  8.5
Unarmed Combat | 1 2 3 4 5 6 7 8 |  8.5
Spellcasting   | 1 2 3 4 5 6 7 8 |  8.5
Evocations     | 1 2 3 4 5 6 7 8 |  8.5
Conjurations   | 1 2 3 4 5 6 7 |  7.1
Hexes          | 1 2 3 4 5 6 7 |  7.1
Summonings     | 1 2 3 4 5 6 7 |  7.1
Necromancy     | 1 2 3 4 5 6 7 |  7.1
Translocations | 1 2 3 4 5 6 7 |  7.1
Transmutations | 1 2 3 4 5 6 7 |  7.1
Fire Magic     | 1 2 3 4 5 6 7 |  7.1
Ice Magic      | 1 2 3 4 5 6 7 |  7.1
Air Magic      | 1 2 3 4 5 6 7 |  7.1
Earth Magic    | 1 2 3 4 5 6 7 |  7.1
Poison Magic   | 1 2 3 4 5 6 7 |  7.1
Fighting       | 3 4 5 6 7 8 9 |  9.0
Long Blades    | 3 4 5 6 7 8 9 |  9.0
Throwing       | 3 4 5 6 7 8 9 |  9.0
Stealth        | 5 6 7 8 9 |  9.5

Action                   |  1- 3 |  4- 6 |  7- 9 | 10-12 | 13-15 || total
-------------------------+-------+-------+-------+-------+-------++-------
Melee: Mace              |    14 |    69 |   192 |       |       ||   275
       Bite              |       |     6 |    34 |    53 |    24 ||   117
       Punch             |       |     1 |     6 |     8 |       ||    15
       Dagger            |       |       |    32 |       |       ||    32
       Spear             |       |       |    19 |       |       ||    19
       Staff             |       |       |       |   516 |   181 ||   697
       Headbutt          |       |       |       |       |    15 ||    15
 Fire: Shortbow          |    72 |    87 |   323 |   114 |       ||   596
Throw: Dart              |       |       |     5 |     1 |    14 ||    20
       Javelin           |       |       |       |       |     7 ||     7
       Boomerang         |       |       |       |       |     5 ||     5
       Throwing net      |       |       |       |       |     4 ||     4
 Cast: Sting             |       |       |       |     5 |     3 ||     8
       Blink             |       |       |       |     2 |       ||     2
       Poisonous Vapours |       |       |       |     1 |       ||     1
       Hailstorm         |       |       |       |       |     3 ||     3
       Ensorcelled Hiber |       |       |       |       |     2 ||     2
       Swiftness         |       |       |       |       |     1 ||     1
Invok: Heroism           |       |       |     6 |     2 |       ||     8
 Abil: Evoke the Staff o |       |       |       |   103 |    25 ||   128
Evoke: Wand              |       |     2 |     4 |     1 |     9 ||    16
  Use: Scroll            |     5 |     4 |    14 |     4 |     3 ||    30
       Potion            |       |     1 |    10 |     2 |     5 ||    18
 Stab: Paralysed         |       |       |     3 |       |       ||     3
       Sleeping          |       |       |       |     6 |     3 ||     9
       Distracted        |       |       |       |     1 |       ||     1
Armor: Leather armour    |     9 |       |       |       |       ||     9
       Ring mail         |       |    27 |   187 |    72 |       ||   286
       Skin              |       |       |       |    38 |       ||    38
       Robe              |       |       |       |    38 |       ||    38
       Scale mail        |       |       |       |    19 |    47 ||    66
       Chain mail        |       |       |       |       |     5 ||     5
Dodge: Dodged            |    23 |    36 |   261 |   264 |    48 ||   632
Block: Kite shield       |       |       |       |   140 |    96 ||   236

Table legend: (Time is in decaauts)
 A = Elapsed time spent in this place.
 B = Non-inter-level travel time spent in this place.
 C = Inter-level travel time spent in this place.
 D = Time resting spent in this place.
 E = Time spent auto-exploring this place.
 F = Levels seen in this place.
 G = Mean time per level.
                   A        B        C        D        E       F      G
               +--------+--------+--------+--------+--------+-----+--------+
         Total |  19934 |  18911 |   1023 |   2326 |  12930 |  17 | 1172.6 |
       Dungeon |  16992 |  16026 |    966 |   1544 |  11630 |  12 | 1416.0 |
        Temple |    222 |    199 |     23 |      0 |    195 |   1 |  222.0 |
          Lair |    628 |    594 |     34 |     65 |    337 |   2 |  314.0 |
         Sewer |    898 |    898 |      0 |    310 |    343 |   1 |  898.0 |
      Gauntlet |   1192 |   1192 |      0 |    407 |    425 |   1 | 1192.0 |
               +--------+--------+--------+--------+--------+-----+--------+

Top non-repeatable levels by time:
     D:6: 2301 daAuts
     D:7: 1983 daAuts
    D:11: 1896 daAuts
     D:9: 1829 daAuts
    D:12: 1746 daAuts
     D:8: 1517 daAuts
Gauntlet: 1192 daAuts
     D:3: 1187 daAuts
    D:10: 1097 daAuts
     D:5: 1012 daAuts
     D:1: 1006 daAuts
   Sewer: 898 daAuts
     D:4: 878 daAuts
     D:2: 535 daAuts
  Lair:1: 480 daAuts
